AoeStats
← AnnieQN

Lombardia

510086038Analyzed
2v2 RM · 2d ago on Sep 29, 2026· 31m 42s· 4 players
Game mode
Random Map
Map size
Medium (4 player)
Population
200
Speed
Normal
Resources
Standard
Victory
Conquest
Starting age
Dark Age
Ending age
Imperial Age
RankedLock teamsTeams togetherTeam positionsShared explorationLock speedFull tech treeHidden civsTurbo modeCheats
Victory
Defeat
🇪🇸 Varangians · Spain
949
+12
🇻🇳 Berbers · Vietnam
779
+20
🇵🇹 Wei · Portugal
859
-16
🇺🇸 Lithuanians · United States
858
-16
Leeeroy__Jenkins
3:19 Loom
12:00 Feudal Age
12:30 Double-Bit Axe
16:25 Gold Mining
22:52 Castle Age
23:46 Bow Saw
25:42 Bloodlines
25:33 Husbandry
26:28 Pikeman
27:09 Squires
27:32 Forging
Mario J.
6:57 Loom
10:47 Feudal Age
13:31 Wheelbarrow
16:16 Double-Bit Axe
22:59 Castle Age
21:02 Horse Collar
22:13 Fletching
22:40 Gold Mining
23:17 Padded Archer Armor
25:44 Bow Saw
26:11 Pikeman
28:10 Town Watch
30:42 Bodkin Arrow
30:16 Crossbowman
31:50 Bodkin Arrow
MIERES
10:20 Feudal Age
12:03 Bloodlines
12:03 Double-Bit Axe
12:01 Horse Collar
12:34 Loom
21:26 Castle Age
22:38 Bow Saw
22:41 Heavy Plow
23:40 Wheelbarrow
24:21 Husbandry
24:17 Stone Mining
24:18 Gold Mining
31:33 Imperial Age
AnnieQN
8:04 Loom
12:09 Feudal Age
12:40 Double-Bit Axe
23:15 Castle Age
21:55 Bloodlines
25:10 Scale Barding Armor
26:14 Forging
27:27 Husbandry
Connection lost

Rejoining the realm…

Still unreachable

The connection could not be restored.

Session expired

The server has moved on; the page needs a fresh start.